 Dungeon Crawl Stone Soup version 0.32-a0-599-gba8f9cf90e (webtiles) character file.

Game seed: 6142464992158005088

35459 Drazool the Carver (level 13, -12/107 HPs)
             Began as a Coglin Hunter on Mar 3, 2024.
             Was a High Priest of Uskayaw.
             Mangled by a death yak (21 damage)
             ... on level 3 of the Lair of Beasts.
             The game lasted 00:46:44 (14344 turns).

Drazool the Carver (Coglin Hunter)                 Turns: 14344, Time: 00:46:45

Health: -12/107    AC:  9    Str: 12    XL:     13   Next: 84%
Magic:  19/19      EV: 15    Int:  9    God:    Uskayaw [*****.]
Gold:   853        SH:  0    Dex: 24    Spells: 12/12 levels left

rFire   + + .        p - +8 autumn katana {manifold assault}
rCold   + . .        E - +1 dagger (speed) {Amyrtaeus}
rNeg    . . .        w - +3 leather armour {rF+}
rPois   +            l - +0 helmet
rElec   .            Q - scarf {rC+ rF+}
rCorr   .            (no gloves)
SInv    .            C - +1 pair of boots "Tidele" {rPois Dex+2}
Will    .....        (amulet unavailable)
Stlth   ++           (ring unavailable)
HPRegen 0.37/turn    (ring unavailable)
MPRegen 0.16/turn    (no gizmo)

%: no passive effects
@: revved
A: off-hand wielding, slow wielding, warmup strikes, no jewellery
a: Invent Gizmo, Renounce Religion, Stomp, Line Pass, Grand Finale


You were on level 3 of the Lair of Beasts.
You worshipped Uskayaw.
Uskayaw was aware of your devotion.
You visited 3 branches of the dungeon, and saw 15 of its levels.
You also visited: Ossuary.

You collected 1014 gold pieces.
You spent 161 gold pieces at shops.


Innate Abilities, Weirdness & Mutations

You can wield a second weapon in your off-hand.
It takes a long time for you to wield or remove held weapons.
Your first few attacks do less damage.
You cannot equip rings or amulets.


   Skills:
 + Level 11.7 Fighting
 - Level 6.7(10.3) Short Blades
 - Level 13.2(14.0) Long Blades
 - Level 7.3 Ranged Weapons
 - Level 5.0 Dodging
 - Level 2.0 Stealth
 + Level 8.9 Invocations
 - Level 3.0 Evocations


You had 12 spell levels left.
You didn't know any spells.
Your spell library contained the following spells:

 Spells                   Type           Power      Damage    Failure   Level
 Slow                     Hex            0%         N/A       45%         1
 Summon Small Mammal      Summ           0%         N/A       45%         1
 Cigotuvi's Dreadful Rot  Necr/Alch/Air  0%         N/A       61%         2
 Lesser Beckoning         Tloc           0%         N/A       61%         2
 Call Canine Familiar     Summ           0%         N/A       83%         3
 Confusing Touch          Hex            0%         N/A       83%         3
 Dazzling Flash           Conj/Hex       0%         N/A       83%         3
 Gell's Gravitas          Tloc           0%         N/A       83%         3
 Ozocubu's Armour         Ice            0%         N/A       83%         3
 Sigil of Binding         Hex            0%         N/A       83%         3
 Teleport Other           Tloc           0%         N/A       83%         3
 Vampiric Draining        Necr           0%         2d6       83%         3
 Volatile Blastmotes      Fire/Tloc      0%         2d10      83%         3
 Anguish                  Hex/Necr       0%         N/A       99%         4
 Cause Fear               Hex            0%         N/A       99%         4
 Dimensional Bullseye     Hex/Tloc       0%         N/A       99%         4
 Dispel Undead            Necr           0%         3d6       99%         4
 Martyr's Knell           Necr/Summ      0%         N/A       99%         4
 Summon Blazeheart Golem  Fire/Summ      0%         N/A       99%         4
 Metabolic Englaciation   Hex/Ice        0%         N/A       100%        5
 Death Channel            Necr           0%         N/A       100%        6
 Sculpt Simulacrum        Ice/Alch       0%         N/A       100%        6
 Starburst                Conj/Fire      0%         6d3       100%        6
 Enfeeble                 Hex            0%         N/A       100%        7
 Maxwell's Capacitive Co  Air            0%         ∞         100%        8

Inventory:

Hand Weapons
 a - a +2 sling of flaming {Imgur-Sin}
 d - a +0 sling {Seoyun}
 p - the +8 autumn katana (weapon) {manifold assault}
   (You found it on level 4 of the Dungeon)
 E - a +1 dagger of speed (offhand) {Amyrtaeus}
 N - a +4 scimitar
 W - a +4 long sword of freezing {Hidetaka}
Missiles
 J - 31 poisoned darts (quivered)
 V - 2 curare-tipped darts {=f}
Armour
 l - a +0 helmet (worn)
 r - a scarf of repulsion
 w - a +3 leather armour of fire resistance (worn)
 C - the +1 pair of boots "Tidele" (worn) {rPois Dex+2}
   (You acquired it on level 8 of the Dungeon)

   Dex+2:     It affects your dexterity (+2).
   rPois:     It protects you from poison.
 Q - a scarf of resistance (worn)
Wands
 t - a wand of digging (4)
 y - a wand of polymorph (14)
 z - a wand of roots (21)
 H - a wand of flame (13)
 P - a wand of charming (12)
 T - a wand of mindburst (4)
Scrolls
 b - 2 scrolls of butterflies
 c - a scroll of noise {unknown}
 e - 6 scrolls of fog
 g - 11 scrolls of teleportation {@r2}
 h - a scroll of enchant weapon
 m - 6 scrolls of amnesia
 n - 2 scrolls of blinking
 o - a scroll of poison
 B - a scroll of fear {unknown}
 D - a scroll of enchant armour {unknown}
 K - 4 scrolls of revelation
 M - a scroll of vulnerability {unknown}
 S - a scroll of immolation
Potions
 f - a potion of resistance {unknown}
 i - 2 potions of attraction {unknown}
 j - 2 potions of might
 k - 3 potions of heal wounds {unknown}
 q - 6 potions of curing {@q1}
 s - 2 potions of lignification
 u - 3 potions of invisibility {unknown}
 A - a potion of ambrosia {unknown}
 F - 3 potions of mutation
 G - a potion of cancellation {unknown}
 I - 2 potions of haste {unknown}
 L - 3 potions of brilliance
 O - a potion of enlightenment {unknown}
 R - 2 potions of berserk rage {!q}
 U - a potion of magic {unknown}
Miscellaneous
 v - a phial of floods

Dungeon Overview and Level Annotations

Branches:
Dungeon (11/15)            Temple (1/1) D:6            Lair (3/5) D:11
 Shoals (0/4) Lair:3       Spider (0/4) Lair:2          Orc (0/2) D:11
Ossuary (visited)

Altars:
Ashenzari
Cheibriados
Dithmenos
Elyvilon
Fedhas
Gozag
Hepliaklqana
Kikubaaqudgha
Makhleb
Nemelex Xobeh
Okawaru
Qazlal
Ru
Sif Muna
Trog
Uskayaw
Vehumet
Wu Jian
Xom
Yredelemnul
Zin
The Shining One

Shops:
D:6 *   D:9 [[[?

Annotations:
D:3 3 runed translucent doors, TheLasagnaBaron's ghost, amateur MiMo

...........###
.............#
............##
............P#
.............##
..............#
....[........##
......†.Y.....#
........@Y...##
#........#(.##
#.......###(.#
##...#### #.#
#### ... ... .


You could see 2 death yaks.


Message History

The death yak is no longer sharing its pain.
The death yak gores you!!
* * * LOW HITPOINT WARNING * * *
Unknown command.
You barely miss the death yak with your +1 dagger of speed.
You barely miss the death yak with the +8 autumn katana.
Unknown command.
You hit the death yak but do no damage.
The death yak is almost dead.
You slice the death yak with the +8 autumn katana!!
You kill the death yak!
The death yak gores you.
* * * LOW HITPOINT WARNING * * *
The death yak gores you!
* * * LOW HITPOINT WARNING * * *
You hit the death yak with the +8 autumn katana.
You slice through the folds of space itself!
You hit the death yak with your +1 dagger of speed.
You slice the death yak with the +8 autumn katana!!
The death yak is severely wounded.
You hit the death yak with your +1 dagger of speed.
Unknown command.
You hit the death yak with your +1 dagger of speed.
The death yak is severely wounded.
You slash the death yak with the +8 autumn katana!
The death yak gores you!
* * * LOW HITPOINT WARNING * * *
The death yak gores you!!
You die...
Your body falls in perfect tune with the rhythm.

Skill      XL: |  1  2  3  4  5  6  7  8  9 10 11 12 13 |
---------------+----------------------------------------+-----
Ranged Weapons | 4 5 6 7 |  7.3
Long Blades    | 1 5 8 12 13 | 13.2
Short Blades   | 6 |  6.7
Fighting       | 3 8 10 11 | 11.7
Dodging        | 5 |  5.0
Invocations    | 3 7 8 |  8.9
Stealth        | 2 |  2.0
Evocations     | 3 |  3.0

Action                     |  1- 3 |  4- 6 |  7- 9 | 10-12 | 13-15 || total
---------------------------+-------+-------+-------+-------+-------++-------
  Melee: Katana            |       |     2 |   176 |   393 |   204 ||   775
         Short sword       |       |     1 |    21 |       |       ||    22
         Dagger            |       |       |   141 |   351 |   187 ||   679
   Fire: Sling             |   168 |   222 |       |       |       ||   390
  Throw: Throwing net      |       |       |     1 |     2 |       ||     3
         Dart              |       |       |    15 |    53 |    45 ||   113
  Evoke: Wand              |       |       |       |    11 |       ||    11
    Use: Scroll            |     1 |     5 |     2 |     7 |     2 ||    17
         Potion            |       |       |       |     2 |     1 ||     3
   Stab: Sleeping          |       |       |     5 |     4 |     1 ||    10
         Paralysed         |       |       |     1 |    21 |    17 ||    39
 Armour: Leather armour    |    14 |    16 |    54 |   120 |    71 ||   275
  Dodge: Dodged            |    17 |    22 |    46 |   106 |    69 ||   260
         Repelled          |       |     1 |     2 |     4 |       ||     7

Levels and vault maps discovered:
D:1:      giann_forest_graveyard, layout_loops_ring, serial_bayou_crossing
D:2:      layout_loops_ring, serial_co_window_serial,
          co_window_of_opportunity_a, co_window_paths_a, co_window_paths_a,
          co_window_paths_b, co_window_corner_a, co_window_unsneaky_path_e,
          co_window_corner_cb, co_window_corner_b, co_window_4corner_a,
          co_window_sun, glass_columns_c, glass_columns_a, minmay_tall_x
D:3:      layout_basic, gammafunk_ghost_necromancy, basic_ecumenical_altar
D:4:      layout_loops_corners, grunt_ministairs_11
D:5:      layout_gridville, nicolae_hepliaklqana_hippocampus,
          grunt_ministairs_1, uniq_duvessa, uniq_ijyb, uniq_edmund, uniq_sigmund
D:6:      layout_rooms, kennysheep_mini_moat, minmay_temple_entry_glassed_door,
          mainiacjoe_ossuary_entry_dusty_tomb, serial_shops, nicolae_square_shop
D:7:      layout_cave_pools, slow_altar_1, serial_column_ruins,
          column_ruins_open_large, column_ruins_grid_1,
          column_ruins_corridor_straight, column_ruins_grid_1,
          column_ruins_open_tiny, supply_closet_lemuel
D:8:      layout_basic, amcnicky_altar_gilded, serial_ice, serial_ice_l,
          serial_ice_d, serial_ice_a, serial_ice_e, serial_ice_f, serial_ice_b,
          serial_ice_c, serial_ice_o
D:9:      layout_roguey, marbit_many_paths, serial_shops, shop, shop, shop,
          shop, laboratory
D:10:     layout_cross, minmay_misc_feat_roman
D:11:     layout_small_grid, erik_lair_island, david_orc_4, minmay_holes
Temple:   minmay_crystal_spiral_temple
Lair:1:   layout_gridlike, columned_hall_lemuel, dpeg_stationary_puzzle
Lair:2:   layout_layer_cave, nicolae_spider_entry_lesser_pyramids,
          serial_bayou_shore_b, lemuel_fruit_fields
Lair:3:   layout_cave_pods, minmay_shoals_entry_centaurs, eino_house_with_fridge

Notes
Turn   | Place    | Note
-------+----------+-------------------------------------------
     0 | D:1      | Drazool the Coglin Hunter began the quest for the Orb.
     0 | D:1      | Reached XP level 1. HP: 16/16 MP: 1/1
   168 | D:1      | Reached skill level 4 in Ranged Weapons
   168 | D:1      | Reached XP level 2. HP: 22/22 MP: 2/2
   896 | D:2      | Reached XP level 3. HP: 27/27 MP: 3/3
  1861 | D:3      | Found a runed translucent gate.
  1861 | D:3      | Found a runed translucent gate.
  1861 | D:3      | Found a runed translucent gate.
  1911 | D:3      | Reached skill level 5 in Ranged Weapons
  1911 | D:3      | Reached XP level 4. HP: 33/33 MP: 4/4
  2038 | D:3      | Noticed TheLasagnaBaron's ghost (amateur MiMo)
  2392 | D:3      | Reached XP level 5. HP: 29/38 MP: 5/5
  2485 | D:3      | Found a faded altar of an unknown god.
  2648 | D:3      | Reached skill level 6 in Ranged Weapons
  2933 | D:4      | Reached XP level 6. HP: 44/44 MP: 6/6
  3346 | D:4      | Reached skill level 7 in Ranged Weapons
  3628 | D:4      | Found the +8 autumn katana {manifold assault}
  3870 | D:5      | Entered Level 5 of the Dungeon
  3877 | D:5      | Noticed an ice beast
  3881 | D:5      | Reached skill level 1 in Long Blades
  3881 | D:5      | Reached XP level 7. HP: 50/50 MP: 7/7
  3888 | D:5      | Reached skill level 2 in Long Blades
  3890 | D:5      | Reached skill level 3 in Long Blades
  3891 | D:5      | Noticed Dowan
  3918 | D:5      | Reached skill level 4 in Long Blades
  3926 | D:5      | Noticed Duvessa
  3935 | D:5      | Killed Duvessa
  3938 | D:5      | Killed Dowan
  3939 | D:5      | Reached skill level 5 in Long Blades
  3939 | D:5      | Reached XP level 8. HP: 17/56 MP: 8/8
  4142 | D:5      | Noticed Edmund
  4154 | D:5      | Killed Edmund
  4155 | D:5      | Reached skill level 6 in Long Blades
  4296 | D:5      | Noticed Ijyb
  4300 | D:5      | Reached skill level 7 in Long Blades
  4304 | D:5      | Killed Ijyb
  4343 | D:5      | Noticed Sigmund
  4579 | D:5      | Killed Sigmund
  4676 | D:5      | Reached skill level 8 in Long Blades
  4879 | D:5      | Found a hazy altar of Hepliaklqana.
  4921 | D:5      | Reached XP level 9. HP: 54/61 MP: 9/9
  4998 | D:5      | Reached skill level 9 in Long Blades
  5105 | D:6      | Found a sand-covered staircase.
  5115 | Ossuary  | Entered an ossuary
  5195 | Ossuary  | Reached skill level 10 in Long Blades
  5602 | D:6      | Found a staircase to the Ecumenical Temple.
  5615 | Temple   | Entered the Ecumenical Temple
  5653 | Temple   | Became a worshipper of Uskayaw the Reveller
  5702 | D:6      | Found Yttiwn's General Store.
  5711 | D:6      | Reached * piety under Uskayaw
  5712 | D:6      | Reached skill level 11 in Long Blades
  5744 | D:6      | Found a glowing silver altar of Zin.
  5770 | D:6      | Reached ** piety under Uskayaw
  5989 | D:7      | Noticed a two-headed ogre
  6003 | D:7      | Reached *** piety under Uskayaw
  6004 | D:7      | Killed a two-headed ogre
  6005 | D:7      | Reached skill level 12 in Long Blades
  6005 | D:7      | Reached XP level 10. HP: 21/67 MP: 10/10
  6192 | D:7      | Reached skill level 1 in Short Blades
  6227 | D:7      | Reached **** piety under Uskayaw
  6439 | D:7      | Found a snail-covered altar of Cheibriados.
  6532 | D:7      | Reached skill level 2 in Short Blades
  6892 | D:8      | Identified a scroll of acquirement
  6893 | D:8      | Acquired the +1 pair of boots "Tidele" {rPois Dex+2}
  6936 | D:8      | Reached skill level 3 in Short Blades
  7005 | D:8      | Reached skill level 4 in Short Blades
  7075 | D:8      | Found a shadowy altar of Dithmenos.
  7185 | D:8      | Reached skill level 5 in Short Blades
  7269 | D:8      | Noticed a death yak
  7288 | D:8      | Killed a death yak
  7289 | D:8      | Reached skill level 6 in Short Blades
  7538 | D:8      | Reached skill level 3 in Fighting
  7715 | D:8      | Reached XP level 11. HP: 75/75 MP: 11/11
  7740 | D:8      | Reached skill level 4 in Fighting
  7923 | D:9      | Found Hukoaj's Antique Armour Emporium.
  7967 | D:9      | Reached skill level 5 in Fighting
  8010 | D:9      | Found Beokh's Antique Armour Shop.
  8010 | D:9      | Noticed a two-headed ogre
  8019 | D:9      | Killed a two-headed ogre
  8208 | D:9      | Reached skill level 6 in Fighting
  8252 | D:9      | Found Bamm's Armour Emporium.
  8350 | D:9      | Found an iron altar of Okawaru.
  8433 | D:9      | Found Irchousu's Magic Scroll Shoppe.
  8441 | D:9      | Bought a scroll of identify for 28 gold pieces
  8441 | D:9      | Bought a scroll of identify for 28 gold pieces
  8441 | D:9      | Bought a scroll of blinking for 105 gold pieces
  8549 | D:9      | Noticed a two-headed ogre
  8558 | D:9      | Killed a two-headed ogre
  8640 | D:9      | Noticed an arcanist
  8644 | D:9      | Killed an arcanist
  8645 | D:9      | Reached skill level 7 in Fighting
  8656 | D:9      | Noticed a large abomination
  8656 | D:9      | Noticed a large abomination
  8656 | D:9      | Noticed a large abomination
  8663 | D:9      | Noticed a large abomination
  8668 | D:9      | Killed a large abomination
  8669 | D:9      | Reached skill level 8 in Fighting
  8669 | D:9      | Reached skill level 2 in Dodging
  8669 | D:9      | Killed a large abomination
  8669 | D:9      | Reached ***** piety under Uskayaw
  8670 | D:9      | Reached skill level 3 in Dodging
  8675 | D:9      | Killed a large abomination
  8676 | D:9      | Reached skill level 4 in Dodging
  8677 | D:9      | Killed a large abomination
  8677 | D:9      | Reached ****** piety under Uskayaw
  8678 | D:9      | Reached skill level 5 in Dodging
  8795 | D:9      | Identified the ring of Tomorrow {rPois Str+3 Dex+6}
  8845 | D:9      | Reached skill level 1 in Invocations
  8849 | D:9      | Reached skill level 2 in Invocations
  8990 | D:10     | Entered Level 10 of the Dungeon
  9030 | D:10     | Reached skill level 3 in Invocations
  9033 | D:10     | Reached XP level 12. HP: 83/92 MP: 12/14
  9077 | D:10     | Identified a scarf of resistance
  9151 | D:10     | Reached skill level 4 in Invocations
  9239 | D:10     | Reached skill level 5 in Invocations
  9239 | D:10     | Reached skill level 1 in Stealth
  9384 | D:10     | Reached skill level 2 in Stealth
  9386 | D:10     | Reached skill level 1 in Evocations
  9390 | D:10     | Reached skill level 2 in Evocations
  9647 | D:11     | Reached skill level 3 in Evocations
  9656 | D:11     | Noticed a two-headed ogre
  9692 | D:11     | Killed a two-headed ogre
  9775 | D:11     | Found a staircase to the Lair.
 10087 | D:11     | Reached skill level 6 in Invocations
 10099 | D:11     | Reached skill level 9 in Fighting
 10602 | D:11     | Found a staircase to the Orcish Mines.
 10675 | Lair:1   | Entered Level 1 of the Lair of Beasts
 10992 | Lair:1   | Reached skill level 7 in Invocations
 11046 | Lair:1   | Reached skill level 10 in Fighting
 11155 | Lair:1   | Reached XP level 13. HP: 103/103 MP: 18/18
 12466 | Lair:2   | Found a hole to the Spider Nest.
 13203 | Lair:2   | Reached skill level 8 in Invocations
 13410 | Lair:3   | Reached skill level 11 in Fighting
 13599 | Lair:3   | Found a staircase to the Shoals.
 14169 | Lair:3   | Reached skill level 13 in Long Blades
 14344 | Lair:3   | HP: 9/107 [death yak (11)]
 14344 | Lair:3   | Mangled by a death yak

Vanquished Creatures
  4 two-headed ogres
  5 death yaks
  A pharaoh ant (Lair:2)
  An arcanist (D:9)
  A lindwurm (Lair:2)
  A necromancer (Lair:3)
  5 large abominations (D:9)
  An oklob plant (Lair:1)
  2 cyclopes (D:11)
  A manticore (D:11)
  4 elephants (Lair:3)
  A black mamba (Lair:3)
  8 cane toads
  A rime drake (Lair:3)
  7 komodo dragons
  3 kobold demonologists
  A polar bear (D:8)
  A troll (D:11)
  A tarantella (Lair:2)
  6 blink frogs
  A shadow (D:10)
  Sigmund (D:5)
  A wraith (D:10)
  2 water elementals (D:11)
  2 wyverns
  33 yaks
  An unseen horror simulacrum (D:8)
  2 steam dragons
  A basilisk (Lair:3)
  3 vampire mosquitoes (D:10)
  Edmund (D:5)
  2 acid dragons
  10 water moccasins
  Duvessa (D:5)
  2 ice beasts
  2 black bears
  4 orc warriors (D:11)
  A sky beast (D:7)
  6 small abominations (D:9)
  18 wolves
  An ogre (D:4)
  6 centaurs
  2 phantoms
  6 kobold brigands
  9 bullfrogs
  A gnoll sergeant (D:9)
  6 scorpions
  10 water moccasin zombies (Ossuary)
  10 wights
  Dowan (D:5)
  A killer bee (D:9)
  A burial acolyte (Ossuary)
  7 electric eels
  A howler monkey (D:5)
  A bombardier beetle (D:7)
  2 jellies (D:6)
  A gnoll bouda (D:4)
  3 orc priests
  10 hounds
  7 iguanas
  2 sleepcaps (D:6)
  Ijyb (D:5)
  4 orc wizards
  6 polar bear simulacra (Lair:3)
  3 yak simulacra (Lair:3)
  A wolf simulacrum (Lair:3)
  A centaur simulacrum (D:8)
  A crocodile zombie (Ossuary)
  A bullfrog simulacrum (Ossuary)
  2 mummies (Ossuary)
  16 gnolls
  8 adders
  2 river rats (Lair:3)
  A shadow imp (D:7)
  5 white imps (D:8)
  3 ufetubi (D:8)
  An adder zombie (Ossuary)
  4 dart slugs
  4 ribbon worms
  36 orcs
  4 endoplasms
  3 giant cockroaches (D:1)
  12 gnoll zombies (Ossuary)
  3 goblins
  2 hobgoblins
  4 jackals
  10 kobolds
  2 quokkas
  9 ball pythons
  3 bats
  2 jackal zombies (Ossuary)
  2 orc zombies (Ossuary)
  4 rats
  A river rat simulacrum (Lair:3)
398 creatures vanquished.

Table legend: (Time is in decaauts)
 A = Elapsed time spent in this place.
 B = Non-inter-level travel time spent in this place.
 C = Inter-level travel time spent in this place.
 D = Time resting spent in this place.
 E = Time spent auto-exploring this place.
 F = Levels seen in this place.
 G = Mean time per level.
                   A        B        C        D        E       F      G
               +--------+--------+--------+--------+--------+-----+--------+
         Total |  14080 |  12917 |   1163 |    810 |   9750 |  16 |  880.0 |
       Dungeon |  10495 |   9485 |   1010 |    671 |   7080 |  11 |  954.1 |
        Temple |     76 |      1 |     75 |      0 |      0 |   1 |   76.0 |
          Lair |   3286 |   3209 |     77 |    123 |   2605 |   3 | 1095.3 |
       Ossuary |    222 |    222 |      0 |     16 |     65 |   1 |  222.0 |
               +--------+--------+--------+--------+--------+-----+--------+

Top non-repeatable levels by time:
  Lair:2: 1511 daAuts
     D:4: 1264 daAuts
     D:2: 1118 daAuts
    D:11: 1097 daAuts
     D:8: 1074 daAuts
     D:9: 1030 daAuts
  Lair:1: 988 daAuts
     D:3: 981 daAuts
     D:7: 954 daAuts
     D:1: 887 daAuts
     D:5: 861 daAuts
  Lair:3: 786 daAuts
    D:10: 657 daAuts
     D:6: 568 daAuts
 Ossuary: 222 daAuts

Table legend:
 A = Non-vault XP
 B = Vault XP
 C = Vault XP percentage of total XP
 D = Non-vault monster count
 E = Vault monster count
 F = Vault count percentage of total count
                 A         B        C        D         E       F
            +---------+---------+-------+---------+---------+-------
      Total |   37014 |   13643 |  26.9 |     271 |     127 |  31.9
            +---------+---------+-------+---------+---------+-------
        D:1 |      25 |       0 |   0.0 |      15 |       0 |   0.0
        D:2 |      25 |       6 |  19.4 |       8 |       4 |  33.3
        D:3 |     184 |       0 |   0.0 |      25 |       0 |   0.0
        D:4 |     348 |       2 |   0.6 |      22 |       1 |   4.3
        D:5 |    1381 |     706 |  33.8 |      24 |       7 |  22.6
        D:6 |     430 |       0 |   0.0 |      10 |       0 |   0.0
        D:7 |    1677 |       4 |   0.2 |      17 |       1 |   5.6
        D:8 |    1396 |    2637 |  65.4 |      18 |      19 |  51.4
        D:9 |    3196 |    4663 |  59.3 |      18 |      13 |  41.9
       D:10 |    4420 |       0 |   0.0 |      24 |       0 |   0.0
       D:11 |    4699 |    1385 |  22.8 |      20 |      26 |  56.5
     Lair:1 |    4176 |     565 |  11.9 |      18 |       1 |   5.3
     Lair:2 |    5737 |    1252 |  17.9 |      25 |       5 |  16.7
     Lair:3 |    9320 |    1468 |  13.6 |      27 |      18 |  40.0
    Ossuary |       0 |     955 | 100.0 |       0 |      32 | 100.0
            +---------+---------+-------+---------+---------+-------
